[ AOE2 MATCH · #474566543 ]
1v1 RMChinese vs Chinese
Player's team · LOSS
Rival team · WIN
[ REPLAY ANALYSIS · EXTRACTED FROM THE RECORDED GAME ]
Feudal
9:16
Castle
19:50
Imperial
35:51
| APM avg | 60.5 |
| APM peak | 112 |
| eAPM avg | 31.3 |
| Villagers / military | 152 / 298 |
Focus
⚔️ 46.9% · 🌾 53.1%
Skirmisher ×175 · Chu Ko Nu ×31 · Archer ×25 · Knight ×23 · Trebuchet (Packed) ×18 · Scout Cavalry ×17
Feudal
9:03
Castle
19:02
Imperial
36:13
| APM avg | 63.3 |
| APM peak | 107 |
| eAPM avg | 29.5 |
| Villagers / military | 180 / 252 |
Focus
⚔️ 42.4% · 🌾 57.6%
Scout Cavalry ×119 · Chu Ko Nu ×80 · Skirmisher ×21 · Archer ×12 · Trebuchet (Packed) ×10 · Iron Pagoda ×4
Match map
Initial resources + every placement click. Lines = walls · curves = elevation contours. ◆ gold · ⬟ stone · ● berries · ✦ relic · ◌ wall gap
Your base· Open — opponent sealed themselves in
Keno_'s base· ✓ Closed at 19:02 · 47t walls · no gate
Smoothed initial terrain · ◌ = detected wall gap · hover for details
Inputs per minute
— hunz - - Keno_
Build order — hunz
First 150 of 452 actions detected
| 0:01 | Research | Loom |
| 0:51 | Create | Villager (Male) |
| 1:13 | Create | Villager (Male) |
| 1:50 | Create | Villager (Male) |
| 2:12 | Create | Villager (Male) |
| 2:41 | Create | Villager (Male) |
| 2:46 | Build | Lumber Camp |
| 3:07 | Create | Villager (Male) |
| 3:09 | Build | House |
| 3:20 | Create | Villager (Male) |
| 3:32 | Build | House |
| 3:51 | Create | Villager (Male) |
| 3:59 | Create | Villager (Male) |
| 4:25 | Create | Villager (Male) |
| 4:57 | Create | Villager (Male) |
| 4:59 | Build | Mill |
| 5:29 | Create | Villager (Male) |
| 6:01 | Create | Villager (Male) |
| 6:08 | Build | Mill |
| 6:23 | Create | Villager (Male) |
| 7:06 | Research | Feudal Age |
| 7:19 | Build | Lumber Camp |
| 8:30 | Build | Barracks |
| 8:43 | Build | House |
| 8:54 | Build | House |
| 8:58 | Create | Villager (Male) |
| 9:15 | Create | Villager (Male) |
| 9:16 | Age | Feudal Age |
| 9:18 | Research | Double-Bit Axe |
| 9:20 | Create | Spearman |
| 9:21 | Research | Horse Collar |
| 9:25 | Create | Villager (Male) |
| 9:50 | Create | Spearman |
| 9:51 | Create | Villager (Male) |
| 10:24 | Build | Archery Range |
| 10:33 | Build | Palisade Wall |
| 10:34 | Build | Palisade Wall |
| 10:36 | Build | Palisade Wall |
| 10:38 | Create | Spearman |
| 10:41 | Build | Palisade Wall |
| 10:41 | Build | Palisade Wall |
| 10:51 | Create | Villager (Male) |
| 11:08 | Build | Mining Camp |
| 11:10 | Create | Villager (Male) |
| 11:17 | Build | Palisade Wall |
| 11:18 | Build | Palisade Wall |
| 11:26 | Build | Palisade Wall |
| 11:30 | Build | Palisade Wall |
| 11:43 | Create | Villager (Male) |
| 11:49 | Build | House |
| 11:54 | Build | House |
| 11:56 | Build | Palisade Wall |
| 11:57 | Build | Palisade Wall |
| 11:59 | Build | Palisade Wall |
| 12:02 | Create | Villager (Male) |
| 12:04 | Build | Palisade Wall |
| 12:05 | Build | Palisade Wall |
| 12:08 | Create | Archer |
| 12:10 | Build | Farm |
| 12:13 | Build | Farm |
| 12:16 | Build | House |
| 12:25 | Build | Farm |
| 12:26 | Create | Archer |
| 12:32 | Build | House |
| 12:35 | Build | Palisade Wall |
| 13:00 | Build | Farm |
| 13:05 | Create | Villager (Male) |
| 13:05 | Create | Archer |
| 13:12 | Build | Farm |
| 13:21 | Create | Archer |
| 13:25 | Build | Palisade Gate |
| 13:35 | Create | Villager (Male) |
| 13:38 | Build | Farm |
| 13:47 | Build | Palisade Wall |
| 14:03 | Build | Stable |
| 14:08 | Create | Archer |
| 14:10 | Create | Villager (Male) |
| 14:25 | Create | Archer |
| 14:27 | Build | House |
| 14:34 | Create | Villager (Male) |
| 14:35 | Build | Farm |
| 14:37 | Build | Farm |
| 14:53 | Build | Palisade Wall |
| 14:56 | Build | Palisade Wall |
| 15:01 | Create | Scout Cavalry |
| 15:02 | Build | Farm |
| 15:03 | Build | Farm |
| 15:04 | Create | Villager (Male) |
| 15:17 | Build | Farm |
| 15:19 | Create | Archer |
| 15:26 | Build | House |
| 15:27 | Build | Palisade Wall |
| 15:30 | Create | Villager (Male) |
| 15:44 | Build | Palisade Wall |
| 15:48 | Create | Archer |
| 15:48 | Create | Villager (Male) |
| 15:52 | Build | Farm |
| 16:15 | Create | Villager (Male) |
| 16:16 | Build | Farm |
| 16:18 | Create | Archer |
| 16:30 | Build | Farm |
| 16:33 | Create | Archer |
| 17:09 | Create | Archer |
| 17:10 | Research | Castle Age |
| 17:21 | Build | Archery Range |
| 17:43 | Create | Archer |
| 17:46 | Build | House |
| 17:59 | Build | Palisade Wall |
| 18:09 | Build | Blacksmith |
| 18:15 | Build | Palisade Wall |
| 18:16 | Build | Palisade Wall |
| 18:23 | Create | Archer |
| 18:23 | Create | Archer |
| 18:36 | Create | Archer |
| 19:01 | Research | Fletching |
| 19:18 | Build | Palisade Gate |
| 19:35 | Build | Watch Tower |
| 19:37 | Create | Archer ×4 |
| 19:50 | Age | Castle Age |
| 19:54 | Research | Crossbowman (upgrade) |
| 20:18 | Create | Villager (Male) |
| 20:22 | Build | Mining Camp |
| 20:26 | Build | House |
| 20:28 | Build | Stone Wall |
| 20:38 | Research | Wheelbarrow |
| 20:41 | Research | Bodkin Arrow |
| 20:49 | Create | Skirmisher ×5 |
| 20:51 | Research | Bow Saw |
| 21:25 | Create | Villager (Male) |
| 21:44 | Create | Skirmisher ×5 |
| 21:51 | Research | Padded Archer Armor |
| 22:00 | Create | Villager (Male) |
| 22:18 | Research | Elite Skirmisher (upgrade) |
| 22:36 | Research | Town Watch |
| 22:44 | Create | Villager (Male) |
| 22:46 | Build | Mining Camp |
| 23:15 | Create | Skirmisher |
| 23:16 | Create | Skirmisher |
| 23:23 | Create | Villager (Male) |
| 23:23 | Create | Villager (Male) |
| 23:24 | Create | Villager (Male) |
| 23:30 | Research | Leather Archer Armor |
| 23:31 | Create | Villager (Male) |
| 23:51 | Build | Town Center |
| 24:12 | Create | Villager (Male) |
| 24:14 | Create | Villager (Male) ×5 |
| 24:30 | Create | Skirmisher |
| 24:31 | Create | Skirmisher |
| 24:43 | Create | Villager (Male) |
| 24:44 | Create | Villager (Male) |
Build order — Keno_
First 150 of 566 actions detected
| 0:03 | Research | Loom |
| 0:03 | Research | Loom |
| 0:51 | Create | Villager (Male) |
| 1:14 | Create | Villager (Male) |
| 1:40 | Create | Villager (Male) |
| 1:55 | Build | Lumber Camp |
| 1:58 | Create | Villager (Male) |
| 1:59 | Create | Villager (Male) |
| 2:26 | Create | Villager (Male) |
| 2:27 | Create | Villager (Male) |
| 2:47 | Create | Villager (Male) |
| 3:22 | Create | Villager (Male) |
| 3:31 | Build | House |
| 3:36 | Create | Villager (Male) |
| 3:57 | Build | Mill |
| 4:01 | Build | Mill |
| 4:06 | Create | Villager (Male) |
| 4:07 | Create | Villager (Male) |
| 4:07 | Create | Villager (Male) |
| 4:33 | Create | Villager (Male) |
| 4:46 | Create | Villager (Male) |
| 4:46 | Create | Villager (Male) |
| 5:15 | Create | Villager (Male) |
| 5:30 | Create | Villager (Male) |
| 5:33 | Build | House |
| 6:04 | Build | Lumber Camp |
| 6:13 | Create | Villager (Male) |
| 6:53 | Research | Feudal Age |
| 7:20 | Build | Mill |
| 8:00 | Build | Barracks |
| 8:10 | Build | Barracks |
| 9:00 | Create | Villager (Male) |
| 9:03 | Age | Feudal Age |
| 9:17 | Build | Stable |
| 9:19 | Research | Double-Bit Axe |
| 9:20 | Create | Villager (Male) |
| 9:37 | Build | House |
| 9:40 | Create | Villager (Male) |
| 9:50 | Create | Spearman |
| 9:58 | Create | Villager (Male) |
| 10:08 | Create | Scout Cavalry |
| 10:10 | Build | House |
| 10:15 | Build | Farm |
| 10:16 | Build | Farm |
| 10:18 | Build | Farm |
| 10:21 | Research | Horse Collar |
| 10:25 | Create | Villager (Male) |
| 10:36 | Build | Palisade Wall |
| 10:41 | Create | Villager (Male) |
| 10:53 | Build | Palisade Wall |
| 10:56 | Create | Scout Cavalry |
| 10:59 | Create | Villager (Male) |
| 11:05 | Build | Farm |
| 11:20 | Build | Farm |
| 11:21 | Create | Villager (Male) |
| 11:28 | Build | Farm |
| 11:32 | Create | Villager (Male) |
| 11:41 | Build | Palisade Wall |
| 11:46 | Build | Farm |
| 11:57 | Build | Palisade Wall |
| 11:59 | Create | Villager (Male) |
| 12:11 | Create | Villager (Male) |
| 12:16 | Build | House |
| 12:25 | Create | Villager (Male) |
| 12:26 | Build | Farm |
| 12:42 | Create | Villager (Male) |
| 12:44 | Build | Farm |
| 13:07 | Build | Mining Camp |
| 13:11 | Build | Farm |
| 13:35 | Create | Villager (Male) |
| 13:40 | Build | House |
| 13:49 | Build | Farm |
| 13:50 | Build | Farm |
| 14:05 | Build | Archery Range |
| 14:09 | Create | Villager (Male) |
| 14:13 | Build | Palisade Wall |
| 14:21 | Build | Palisade Wall |
| 14:24 | Build | House |
| 14:25 | Build | Palisade Wall |
| 14:53 | Create | Villager (Male) |
| 14:59 | Build | Farm |
| 15:00 | Create | Archer |
| 15:03 | Create | Skirmisher |
| 15:05 | Create | Villager (Male) |
| 15:36 | Create | Skirmisher |
| 15:38 | Create | Villager (Male) |
| 16:06 | Create | Skirmisher |
| 16:22 | Research | Castle Age |
| 16:33 | Build | Archery Range |
| 16:58 | Create | Archer |
| 17:10 | Create | Spearman |
| 17:17 | Build | Blacksmith |
| 17:20 | Create | Archer |
| 17:27 | Create | Scout Cavalry |
| 17:27 | Create | Scout Cavalry |
| 18:11 | Create | Archer |
| 18:12 | Create | Archer |
| 18:19 | Build | House |
| 18:20 | Build | House |
| 18:52 | Create | Archer |
| 18:53 | Create | Archer |
| 19:02 | Age | Castle Age |
| 19:04 | Research | Fletching |
| 19:07 | Research | Crossbowman (upgrade) |
| 19:13 | Create | Villager (Male) |
| 19:13 | Research | Bow Saw |
| 19:16 | Build | Town Center |
| 19:33 | Create | Archer |
| 19:33 | Create | Archer |
| 19:36 | Create | Villager (Male) |
| 19:42 | Create | Villager (Male) |
| 19:44 | Create | Archer |
| 20:14 | Create | Archer |
| 20:14 | Create | Archer |
| 20:17 | Create | Villager (Male) |
| 20:24 | Create | Skirmisher |
| 20:24 | Create | Skirmisher |
| 20:47 | Create | Skirmisher |
| 20:57 | Build | Market |
| 20:58 | Build | Stone Wall |
| 21:02 | Create | Villager (Male) |
| 21:02 | Create | Villager (Male) |
| 21:03 | Create | Villager (Male) |
| 21:17 | Create | Villager (Male) |
| 21:17 | Create | Villager (Male) |
| 21:23 | Research | Elite Skirmisher (upgrade) |
| 21:24 | Create | Skirmisher |
| 21:24 | Create | Skirmisher |
| 21:38 | Create | Skirmisher |
| 21:39 | Create | Villager (Male) |
| 21:39 | Create | Villager (Male) |
| 21:48 | Research | Padded Archer Armor |
| 21:50 | Research | Bodkin Arrow |
| 21:51 | Create | Villager (Male) |
| 22:00 | Create | Skirmisher |
| 22:04 | Create | Villager (Male) |
| 22:05 | Create | Villager (Male) |
| 22:05 | Create | Villager (Male) |
| 22:19 | Create | Villager (Male) |
| 22:38 | Research | Padded Archer Armor |
| 22:39 | Create | Skirmisher |
| 23:06 | Create | Villager (Male) |
| 23:08 | Create | Villager (Male) |
| 23:19 | Create | Skirmisher |
| 23:19 | Create | Skirmisher |
| 23:24 | Create | Villager (Male) |
| 23:25 | Create | Villager (Male) |
| 23:25 | Create | Villager (Male) |
| 23:30 | Build | Mill |
| 23:30 | Build | Farm |
Match timeline
| 8:00 | Keno_ · first_building Barracks |
| 8:30 | hunz · first_building Barracks |
| 9:03 | Keno_ · age_up feudal |
| 9:16 | hunz · age_up feudal |
| 9:17 | Keno_ · first_building Stable |
| 10:24 | hunz · first_building Archery Range |
| 10:33 | hunz · wall_segment Palisade Wall x1 |
| 10:34 | hunz · wall_segment Palisade Wall x1 |
| 10:36 | hunz · wall_segment Palisade Wall x1 |
| 10:36 | Keno_ · wall_segment Palisade Wall x17 |
| 10:41 | hunz · wall_segment Palisade Wall x1 |
| 10:41 | hunz · wall_segment Palisade Wall x1 |
| 10:53 | Keno_ · wall_segment Palisade Wall x6 |
| 11:17 | hunz · wall_segment Palisade Wall x1 |
| 11:18 | hunz · wall_segment Palisade Wall x1 |
| 11:26 | hunz · wall_segment Palisade Wall x1 |
| 11:30 | hunz · wall_segment Palisade Wall x1 |
| 11:41 | Keno_ · wall_segment Palisade Wall x5 |
| 11:56 | hunz · wall_segment Palisade Wall x1 |
| 11:57 | hunz · wall_segment Palisade Wall x1 |
| 11:57 | Keno_ · wall_segment Palisade Wall x1 |
| 11:59 | hunz · wall_segment Palisade Wall x1 |
| 12:04 | hunz · wall_segment Palisade Wall x1 |
| 12:05 | hunz · wall_segment Palisade Wall x1 |
| 12:35 | hunz · wall_segment Palisade Wall x2 |
| 13:47 | hunz · wall_segment Palisade Wall x1 |
| 14:03 | hunz · first_building Stable |
| 14:05 | Keno_ · first_building Archery Range |
| 14:13 | Keno_ · wall_segment Palisade Wall x13 |
| 14:21 | Keno_ · wall_segment Palisade Wall x2 |
| 14:25 | Keno_ · wall_segment Palisade Wall x3 |
| 14:53 | hunz · wall_segment Palisade Wall x1 |
| 14:56 | hunz · wall_segment Palisade Wall x1 |
| 15:27 | hunz · wall_segment Palisade Wall x16 |
| 15:44 | hunz · wall_segment Palisade Wall x9 |
| 17:59 | hunz · wall_segment Palisade Wall x1 |
| 18:15 | hunz · wall_segment Palisade Wall x1 |
| 18:16 | hunz · wall_segment Palisade Wall x1 |
| 19:02 | Keno_ · age_up castle |
| 19:50 | hunz · age_up castle |
| 20:28 | hunz · wall_segment Stone Wall x1 |
| 20:58 | Keno_ · wall_segment Stone Wall x1 |
| 23:36 | Keno_ · first_market_sell 100 wood |
| 23:37 | Keno_ · first_market_buy 100 stone |
| 27:04 | Keno_ · first_building Siege Workshop |
| 27:05 | hunz · first_building Siege Workshop |
| 27:07 | Keno_ · wall_segment Palisade Wall x1 |
| 29:11 | hunz · first_building Monastery |
| 29:14 | Keno_ · wall_segment Palisade Wall x1 |
| 29:24 | Keno_ · first_building Castle |
| 29:46 | Keno_ · first_building Monastery |
| 30:19 | hunz · first_building Castle |
| 32:35 | hunz · first_market_sell 100 wood |
| 35:51 | hunz · age_up imperial |
| 36:13 | Keno_ · age_up imperial |
| 37:53 | hunz · first_market_buy 100 wood |
| 45:11 | hunz · wall_segment Palisade Wall x1 |
| 45:55 | hunz · wall_segment Stone Wall x1 |
| 50:11 | hunz · resign |
[ AI ANALYSIS · 1 CREDIT ]
What really happened in this match?
Wolo.gg analyzes every decision: build order, eco, micro, common mistakes by bracket. Personalized analysis on WhatsApp or Discord in 30 seconds.
Civ guide
Chinese
Map guide
Arabia
Perfil
Jugador #25227975